 Dungeon Crawl Stone Soup version 0.25-a0-700-g7f8a7979f0 (webtiles) character file.

Game seed: 2026625850025556164, levelgen mode: deterministic

3175 grulito the Fighter (level 9, -6/63 HPs)
             Began as a Gargoyle Fighter on Apr 1, 2020.
             Killed by divine providence
             ... invoked by an orc priest
              (14 damage)
             ... on level 8 of the Dungeon on Apr 2, 2020.
             The game lasted 00:26:39 (7464 turns).

grulito the Fighter (Gargoyle Fighter)              Turns: 7464, Time: 00:26:40

Health: -6/63      AC: 18    Str: 23    XL:     9   Next: 95%
Magic:  9/9        EV:  6    Int:  9    God:
Gold:   351        SH:  9    Dex:  9    Spells: 8/8 levels left

rFire    . . .     SeeInvis .   v - +1 morningstar (drain)
rCold    . . .     Gourm    .   c - +0 kite shield
rNeg     + . .     Faith    .   o - +0 chain mail
rPois    ∞         Spirit   .   (no helmet)
rElec    +         Reflect  .   (no cloak)
rCorr    .         Harm     .   (no gloves)
MR       .....                  (no boots)
Stlth    ..........             (no amulet)
HPRegen  0.20/turn              (no ring)
MPRegen  0.11/turn              (no ring)

@: mighty
A: negative energy resistance 1, electricity resistance, unbreathing,
petrification resistance, rot immunity, AC +6
a: no special abilities


You were on level 8 of the Dungeon.
You were very hungry.

You visited 1 branch of the dungeon, and saw 8 of its levels.

You collected 351 gold pieces.

Inventory:

Hand Weapons
 a - a +0 flail
 n - the +3 dagger "Meonk" {freeze, +Fly rPois, unknown}
   (You found it on level 4 of the Dungeon)

   It has been specially enchanted to freeze those struck by it, causing extra
   injury to most foes and up to half again as much damage against particularly
   susceptible opponents.
   It can also slow down cold-blooded creatures.
   It protects you from poison.
   It lets you fly.
 t - a +2 battleaxe of freezing
 v - a +1 morningstar of draining (weapon)
Missiles
 i - 16 poisoned darts (quivered)
Armour
 b - a +0 scale mail
 c - a +0 kite shield (worn)
 o - a +0 chain mail (worn)
Jewellery
 r - an uncursed amulet of the gourmand {unknown}
 s - an uncursed ring of protection from cold {unknown}
 G - a +3 ring of dexterity {unknown}
Wands
 w - a wand of digging (5)
 A - a wand of polymorph (9)
 C - a wand of random effects (20)
 H - a wand of paralysis (13)
Scrolls
 d - a scroll of enchant weapon {unknown}
 e - 5 scrolls of identify
 g - 2 scrolls of enchant armour {unknown}
 h - 4 scrolls of teleportation
 k - 3 scrolls of random uselessness {unknown}
 l - 3 scrolls of amnesia
 x - a scroll of immolation {unknown}
 y - a scroll of remove curse
 z - 3 scrolls of fog {unknown}
 E - a scroll of noise {unknown}
Potions
 j - 5 potions of stabbing
 m - a potion of degeneration {unknown}
 p - a potion of brilliance
 q - a potion of invisibility {unknown}
 u - a potion of flight {unknown}
 B - a potion of curing
 F - a potion of magic {unknown}
Comestibles
 f - 11 rations


   Skills:
 * Level 10.8 Fighting
 - Level 3.0 Maces & Flails
 + Level 0.5 Throwing
 + Level 10.6 Armour
 - Level 0.5 Dodging
 - Level 1.0 Stealth
 - Level 3.3 Shields


You had 8 spell levels left.
You didn't know any spells.
Your spell library was empty.

Dungeon Overview and Level Annotations

Branches:
Dungeon (8/15)             Temple (0/1) D:7
   Lair: D:8-11

Altars:
Nemelex Xobeh

Annotations:
D:4 Sigmund
D:7 1 runed translucent door, EnegeticOcto's ghost, novice OpFi


Innate Abilities, Weirdness & Mutations

You are resistant to torment.
Your stone body is resilient. (AC +6)
You are immune to poison.
You resist negative energy. (rN+)
You are resistant to electric shocks. (rElec)
You can survive without breathing.
You are immune to petrification.
You are immune to rotting.


Message History

You bludgeon the orc warrior!!
You kill the orc warrior!
The orc hits you but does no damage.
The orc priest hits you but does no damage.
You block the orc's attack.
You completely miss the orc priest.
The orc priest hits you but does no damage.
The orc hits you but does no damage.
The orc priest hits you but does no damage.
You puncture the orc priest!
The orc priest is severely wounded.
You block the orc's attack.
The orc priest hits you with a +0 short sword.
* * * LOW HITPOINT WARNING * * *
Your shield and chain mail prevent you from hitting the orc priest.
The orc priest is severely wounded.
The orc hits you but does no damage. You block the orc priest's attack.
The orc priest mumbles some strange prayers to Beogh against you.
Beogh smites you!
You die...

##.......##
#.........##
....#........## ##
...##........(## ##.
##.##..........#
##..###.###..........
###....#.#
#..........
##....o)o.#
#.........#
#......@..#
##.........
..........#
#.^.......
#.>........#
#.....<..#
...........#
##.......#
#...........#
##.....##
#............#
#....##
##..........#.#
###### ####..[#####..
# #


You could see an orc priest and an orc.

Vanquished Creatures
  Pikel (D:6)
  A hippogriff (D:7)
  A human (D:8)
  Menkaure (D:4)
  An ice beast (D:5)
  2 sky beasts
  3 orc warriors
  A necrophage (D:6)
  2 ogres
  3 centaurs
  A bullfrog (D:6)
  A scorpion (D:7)
  6 wights
  2 vampire bats (D:4)
  2 orc priests
  2 bullfrog zombies
  2 hounds
  3 jellies
  5 orc wizards
  Jessica (D:2)
  An iguana (D:5)
  2 worker ants
  A hound zombie (D:5)
  3 gnolls (D:6)
  13 adders
  An ooze (D:6)
  3 worms (D:3)
  An adder skeleton (D:6)
  An adder zombie (D:5)
  A dart slug (D:2)
  8 leopard geckos
  19 orcs
  5 giant cockroaches
  7 goblins
  4 hobgoblins
  8 jackals
  2 quokkas (D:4)
  11 bats
  5 frilled lizards
  5 kobolds
  A quokka skeleton (D:6)
  11 rats
154 creatures vanquished.

Notes
Turn   | Place    | Note
-------+----------+-------------------------------------------
     0 | D:1      | grulito the Gargoyle Fighter began the quest for the Orb.
     0 | D:1      | Reached XP level 1. HP: 14/14 MP: 1/1
   227 | D:1      | Reached XP level 2. HP: 19/19 MP: 2/2
   810 | D:2      | Noticed Jessica
   826 | D:2      | Killed Jessica
   826 | D:2      | Reached XP level 3. HP: 24/24 MP: 3/3
   860 | D:2      | Reached XP level 4. HP: 28/29 MP: 4/4
   871 | D:2      | Found a sparkling altar of Nemelex Xobeh,
  1015 | D:2      | You fall into a shaft and drop 2 floors!
  1189 | D:4      | Noticed an ogre
  1484 | D:3      | Reached XP level 5. HP: 7/33 MP: 5/5
  2486 | D:3      | Reached skill level 5 in Armour
  2581 | D:3      | Reached XP level 6. HP: 9/40 MP: 6/6
  2632 | D:3      | Reached skill level 5 in Fighting
  3464 | D:4      | Reached skill level 1 in Stealth
  3472 | D:4      | Noticed Sigmund
  4088 | D:4      | Noticed Menkaure
  4095 | D:4      | Killed Menkaure
  4095 | D:4      | Reached XP level 7. HP: 23/44 MP: 7/7
  4103 | D:4      | Got an iridescent dagger
  4239 | D:5      | Entered Level 5 of the Dungeon
  5356 | D:6      | Reached XP level 8. HP: 47/52 MP: 8/8
  6078 | D:6      | Noticed Pikel
  6090 | D:6      | Killed Pikel
  6090 | D:6      | Reached XP level 9. HP: 51/60 MP: 9/9
  6808 | D:7      | Reached skill level 10 in Fighting
  6825 | D:7      | Reached skill level 10 in Armour
  6854 | D:7      | Found a staircase to the Ecumenical Temple,
  7008 | D:7      | Found a runed translucent door,
  7008 | D:7      | Noticed EnegeticOcto's ghost (novice OpFi)
  7010 | D:7      | Upgraded the game from 0.25-a0-697-g890751e744 to
                  | 0.25-a0-700-g7f8a7979f0
  7464 | D:8      | Killed from afar by an orc priest

Levels and vault maps discovered:
D:1:      dpeg_arrival_renting, layout_basic
D:2:      layout_basic, old_standard_altar, uniq_jessica
D:3:      cheibrodos_helix_gallery, layout_basic
D:4:      layout_loops_cross, roderic_batcave, uniq_sigmund, uniq_menkaure
D:5:      layout_cave_pods, first_ration, minmay_strange_pillars
D:6:      layout_loops_ring, uniq_pikel
D:7:      layout_loops_ring, minmay_temple_entry_proselytizer,
          gammafunk_ghost_grave
D:8:      layout_cave_pods, grunt_livestock

Skill      XL: |  1  2  3  4  5  6  7  8  9 |
---------------+----------------------------+-----
Fighting       | 4 5 6 9 10 | 10.8
Maces & Flails | 3 |  3.0
Armour         | 4 5 6 7 9 10 | 10.6
Stealth        | 1 |  1.0
Throwing       | |  0.5
Dodging        | |  0.5
Shields        | |  3.3

Action                   |  1- 3 |  4- 6 |  7- 9 || total
-------------------------+-------+-------+-------++-------
Melee: Flail             |    77 |   285 |   322 ||   684
       Morningstar       |       |       |   138 ||   138
Throw: Dart              |     7 |       |       ||     7
  Use: Scroll            |       |     5 |     1 ||     6
       Potion            |       |     2 |     6 ||     8
  Eat: Ration            |       |     3 |     1 ||     4
       Chunk             |       |     2 |     6 ||     8
Armor: Scale mail        |    97 |    94 |       ||   191
       Chain mail        |       |   134 |   469 ||   603
Dodge: Dodged            |    43 |    95 |   142 ||   280
Block: Kite shield       |    82 |   165 |   305 ||   552

Table legend:
 A = Non-vault XP
 B = Vault XP
 C = Vault XP percentage of total XP
 D = Non-vault monster count
 E = Vault monster count
 F = Vault count percentage of total count
                 A         B        C        D         E       F
            +---------+---------+-------+---------+---------+-------
      Total |    3352 |    1185 |  26.1 |     143 |      11 |   7.1
            +---------+---------+-------+---------+---------+-------
        D:1 |      26 |       0 |   0.0 |      17 |       0 |   0.0
        D:2 |      92 |      37 |  28.7 |      24 |       1 |   4.0
        D:3 |     276 |       3 |   1.1 |      32 |       2 |   5.9
        D:4 |      20 |     287 |  93.5 |       4 |       5 |  55.6
        D:5 |     394 |       0 |   0.0 |      17 |       0 |   0.0
        D:6 |    1107 |     617 |  35.8 |      27 |       1 |   3.6
        D:7 |     899 |      41 |   4.4 |      11 |       1 |   8.3
        D:8 |     538 |     200 |  27.1 |      11 |       1 |   8.3
            +---------+---------+-------+---------+---------+-------
